 Dungeon Crawl Stone Soup version 0.15-a0-2198-g7f377d1 (webtiles) character file.

15120 MrRokkomies the Basher (level 12, -2/100 HPs)
             Began as a Formicid Hunter on July 23, 2014.
             Was a Believer of the Shining One.
             Slain by a komodo dragon (13 damage)
             ... on Level 2 of the Lair of Beasts.
             The game lasted 01:00:06 (15357 turns).

MrRokkomies the Basher (Formicid Hunter)           Turns: 15357, Time: 01:00:06

HP  -2/100       AC 21     Str 18      XL: 12   Next: 53%
MP   0/16        EV  5     Int 11      God: the Shining One [**....]
Gold 261         SH  0     Dex 15      Spells:  1 memorised,  9 levels left

rFire  . . .     SeeInvis +     a - +2 dire flail (protect)
rCold  . . .     Clarity  .     j - +1 plate armour
rNeg   + . .     rCorr    .     (no shield)
rPois  .         rRot     .     (helmet unavailable)
rElec  .         Spirit   +     m - +0 cloak
SustAb .         Warding  .     (no gloves)
rMut   .         Stasis   +     i - +0 pair of boots
Gourm  .                        K - amulet of guardian spirit
MR     +....                    (no ring)
                                u - ring of wizardry

@: glowing, somewhat resistant to hostile enchantments, extremely unstealthy
A: permanent stasis, dig shafts and tunnels, four strong arms, antennae 3
a: Dig, Shaft Self, Divine Shield, Renounce Religion


You were on level 2 of the Lair of Beasts.
You worshipped the Shining One.
The Shining One was pleased with you.
You were hungry.

You visited 3 branches of the dungeon, and saw 12 of its levels.
You also visited: Volcano.

You collected 541 gold pieces.
You spent 280 gold pieces at shops.

Inventory:

Hand weapons
 a - a +2 dire flail of protection (weapon)
 b - a +0 arbalest
 l - a +0 dagger of holy wrath
Missiles
 c - 37 bolts
Armour
 i - a +0 pair of boots (worn)
 j - a +1 plate armour (worn)
 m - a +0 cloak (worn)
Magical devices
 q - a wand of flame (16)
 F - a wand of flame (7)
 J - a wand of teleportation (3)
Comestibles
 f - 9 bread rations
 n - 2 meat rations
 v - a chunk of yak flesh
Scrolls
 h - 2 scrolls of magic mapping
 k - 2 scrolls of recharging
 p - 5 scrolls of immolation
 r - a scroll of remove curse
Jewellery
 u - a ring of wizardry (left hand)
 K - an amulet of guardian spirit (around neck)
Potions
 d - 3 potions of resistance
 e - 3 potions of curing
 g - 2 potions of cancellation
 o - 2 potions of brilliance
 t - a potion of heal wounds {unknown}
 A - 2 potions of flight
 O - a potion of berserk rage {unknown}
Miscellaneous
 s - a box of beasts


   Skills:
 * Level 11.3 Fighting
 * Level 12.0 Maces & Flails
 - Level 10.0 Crossbows
 - Level 7.0 Armour
 - Level 1.7 Dodging
 - Level 1.2 Stealth


You had 9 spell levels left.
You knew the following spells:

 Your Spells              Type           Power        Failure   Level  Hunger
a - Repel Missiles        Chrm/Air       #.....       100%        2    ###....


Dungeon Overview and Level Annotations

Branches:
Dungeon (9/15)             Temple (1/1) D:5             Orc (0/4) D:9
   Lair (2/8) D:9

Altars:
Ashenzari
Cheibriados
Dithmenos
Elyvilon
Fedhas
Gozag
Kikubaaqudgha
Makhleb
Nemelex Xobeh
Okawaru
Qazlal
Sif Muna
Trog
Vehumet
Xom
Yredelemnul
Zin
The Shining One
Beogh

Shops:
D:8 (


Innate Abilities, Weirdness & Mutations

Your are under a permanent stasis effect.
You can dig through walls and to a lower floor.
Your four strong arms can wield two-handed weapons with a shield.
You have a pair of large antennae on your head (SInv).


Message History

The komodo dragon is heavily wounded.
The komodo dragon bites you.
You hit the komodo dragon.
The komodo dragon is heavily wounded.
You puncture the komodo dragon!
The komodo dragon is severely wounded.
The komodo dragon bites you!!
* * * LOW HITPOINT WARNING * * *
Your plate armour prevents you from hitting the komodo dragon.
The komodo dragon is severely wounded.
The komodo dragon bites you!
* * * LOW HITPOINT WARNING * * *
You hit the komodo dragon but do no damage.
The komodo dragon is severely wounded.
Drink which item? (? for menu, Esc to quit)
You feel better. The komodo dragon bites you!
* * * LOW HITPOINT WARNING * * *
Drink which item? (? for menu, Esc to quit)
You feel better. The komodo dragon bites you!
You die...

#...........P...
....####...........#...
.....#..#.###.......#...
..........# ###.........
..........## #......P...
...........####.>....P..
..........###.#.........
.......l.................
(.....(%@................
..###P.##.######.##..###.
### ### #####.# # ###


You could see a komodo dragon.

Vanquished Creatures
  4 hydras
  A lindwurm (Lair:1)
  A griffon (Lair:2)
  A spiny frog (Lair:2)
  2 black mambas (Lair:2)
  2 komodo dragons
  A two-headed ogre (D:8)
  3 blink frogs (Lair:1)
  2 wyverns (D:8)
  A spriggan (Lair:2)
  A fire bat (Volcano)
  A hungry ghost (D:8)
  Eustachio (D:6)
  17 yaks
  3 porcupines
  4 water moccasins
  7 orc warriors
  An ice beast (D:5)
  2 phantoms
  5 ogres
  3 centaurs
  Duvessa (D:7)
  4 crocodiles
  Blork the orc (D:4)
  13 giant frogs
  A scorpion (D:6)
  A hippogriff zombie (D:7)
  4 killer bees (D:8)
  Dowan (D:7)
  4 crimson imps
  A black bear zombie (D:5)
  A goliath beetle (D:6)
  14 orc wizards
  A giant frog zombie (D:5)
  8 orc priests
  5 hounds
  5 worker ants
  Crazy Yiuf (D:2)
  6 iguanas
  A sheep (Lair:2)
  Ijyb (D:2)
  A mummy (D:6)
  An ogre skeleton (D:5)
  7 gnolls
  24 adders
  23 green rats
  A giant mite (D:8)
  2 shadow imps
  5 worms
  An adder zombie (D:6)
  2 adder skeletons
  6 giant geckos
  51 orcs
  7 giant cockroaches
  11 hobgoblins
  10 jackals
  12 kobolds
  11 quokkas
  2 ball pythons
  A ball python skeleton (D:4)
  16 bats
  10 giant newts
  18 goblins
  An orc skeleton (D:8)
  19 rats
379 creatures vanquished.

Notes
Turn   | Place    | Note
--------------------------------------------------------------
     0 | D:1      | MrRokkomies, the Formicid Hunter, began the quest for the Orb.
     0 | D:1      | Reached XP level 1. HP: 15/15 MP: 1/1
   202 | D:1      | Reached XP level 2. HP: 13/22 MP: 3/3
   571 | D:1      | Reached skill level 1 in Armour
   628 | D:1      | Reached XP level 3. HP: 24/27 MP: 4/4
  1286 | D:2      | Reached XP level 4. HP: 33/33 MP: 5/5
  1458 | D:2      | Noticed Crazy Yiuf
  1465 | D:2      | Killed Crazy Yiuf
  1646 | D:2      | Reached XP level 5. HP: 38/38 MP: 7/7
  1795 | D:2      | Reached skill level 5 in Crossbows
  1942 | D:2      | Noticed Ijyb
  1952 | D:2      | Killed Ijyb
  2308 | D:3      | Reached XP level 6. HP: 32/44 MP: 8/8
  3607 | D:4      | Reached skill level 6 in Crossbows
  3649 | D:4      | Reached XP level 7. HP: 50/50 MP: 9/9
  3761 | D:4      | Noticed Blork the orc
  3780 | D:4      | Reached skill level 5 in Armour
  3786 | D:4      | Killed Blork the orc
  5264 | D:5      | Entered Level 5 of the Dungeon
  5362 | D:5      | Found a staircase to the Ecumenical Temple.
  5384 | Temple   | Entered the Ecumenical Temple
  5424 | Temple   | Became a worshipper of the Shining One
  5521 | D:5      | Reached skill level 7 in Crossbows
  5521 | D:5      | Reached XP level 8. HP: 56/56 MP: 11/11
  5862 | D:5      | Reached skill level 1 in Maces & Flails
  6323 | D:6      | Reached skill level 8 in Crossbows
  6519 | D:6      | Noticed Eustachio
  6577 | D:6      | Killed Eustachio
  6577 | D:6      | Reached XP level 9. HP: 50/61 MP: 12/12
  7426 | D:7      | Learned a level 2 spell: Repel Missiles
  7430 | D:7      | Noticed Dowan
  7431 | D:7      | Noticed Duvessa
  7445 | D:7      | Killed Duvessa
  7445 | D:7      | Reached skill level 9 in Crossbows
  7448 | D:7      | Killed Dowan
  7578 | D:7      | Reached skill level 5 in Maces & Flails
  8692 | D:8      | Reached XP level 10. HP: 45/67 MP: 13/13
  8918 | D:8      | Reached skill level 10 in Crossbows
  9062 | D:8      | Found Vyitroj's Antique Weapon Shoppe.
  9100 | D:8      | Bought an iridescent hand crossbow for 280 gold pieces
  9745 | D:8      | Acquired the Shining One's first power
 10197 | D:8      | Reached skill level 5 in Fighting
 10492 | D:8      | Got a brightly glowing leather armour
 11255 | D:9      | Found a staircase to the Orcish Mines.
 11263 | D:9      | Found a staircase to the Lair.
 11267 | D:9      | Found a roughly hewn altar of Beogh.
 11717 | Lair:1   | Entered Level 1 of the Lair of Beasts
 11775 | Lair:1   | Reached XP level 11. HP: 53/83 MP: 11/15
 11966 | Lair:1   | Noticed a lindwurm
 11966 | Lair:1   | Found a dark tunnel.
 11980 | Lair:1   | Killed a lindwurm
 12020 | Volcano  | Entered a volcano
 12483 | Lair:1   | Identified the +10 hand crossbow of Ximyed {venom, rPois rC++} (You bought it in a shop on level 8 of the Dungeon)
 12528 | Lair:1   | Got a blackened leather armour
 12558 | Lair:1   | Identified the +1 leather armour of Ponist {rN+} (You found it on level 1 of the Lair of Beasts)
 12743 | Lair:1   | Reached skill level 10 in Maces & Flails
 12757 | Lair:1   | Identified the cursed +0 leather armour of Gruwiaklok {Int-1} (You found it on level 8 of the Dungeon)
 12954 | Lair:1   | Noticed an eight-headed hydra
 12964 | Lair:1   | Killed an eight-headed hydra
 12985 | Lair:1   | Noticed a five-headed hydra
 12985 | Lair:1   | Acquired the Shining One's second power
 13000 | Lair:1   | Killed a five-headed hydra
 14368 | Lair:2   | Noticed an eight-headed hydra
 14388 | Lair:2   | Killed an eight-headed hydra
 14583 | Lair:2   | Reached skill level 11 in Maces & Flails
 14656 | Lair:2   | Reached skill level 10 in Fighting
 14656 | Lair:2   | Reached XP level 12. HP: 62/97 MP: 10/16
 15015 | Lair:2   | Noticed a griffon
 15023 | Lair:2   | Killed a griffon
 15335 | Lair:2   | Noticed a seven-headed hydra
 15348 | Lair:2   | Killed a seven-headed hydra
 15348 | Lair:2   | Reached skill level 12 in Maces & Flails
 15357 | Lair:2   | Slain by a komodo dragon

Action                   |  1- 3 |  4- 6 |  7- 9 | 10-12 || total
-------------------------+-------+-------+-------+-------++-------
Melee: Short sword       |    17 |       |       |       ||    17
       Spear             |   130 |    14 |       |       ||   144
       Quarterstaff      |       |   161 |    14 |       ||   175
       Dire flail        |       |       |   533 |   578 ||  1111
 Fire: Hand crossbow     |    17 |    43 |    96 |    95 ||   251
       Blowgun           |       |     3 |       |       ||     3
       Arbalest          |       |       |       |    21 ||    21
Throw: Throwing net      |       |       |       |     2 ||     2
 Abil: Dig               |       |       |     3 |     6 ||     9
Evoke: Wand              |       |       |     2 |     1 ||     3
  Use: Scroll            |    11 |     5 |     7 |     8 ||    31
       Potion            |       |       |     2 |     3 ||     5
 Stab: Paralysed         |       |     7 |       |       ||     7
  Eat: Chunk             |     1 |     8 |    17 |    12 ||    38
       Royal jelly       |       |       |     1 |       ||     1
       Fruit             |       |       |       |     6 ||     6
       Meat ration       |       |       |       |     1 ||     1
